AoeStats
← AARTUROVEGAG

Arabia

506539944Analyzed
2v2 RM · 19d ago on Sep 14, 2026· 46m 59s· 4 players
Game mode
Random Map
Map size
Medium (4 player)
Population
200
Speed
Normal
Resources
Standard
Victory
Conquest
Starting age
Dark Age
Ending age
Imperial Age
RankedLock teamsTeams togetherTeam positionsShared explorationLock speedFull tech treeHidden civsTurbo modeCheats
Victory
Defeat
🇪🇨 Koreans · Ecuador
834
+19
🇦🇷 Cumans · Argentina
817
+19
🇦🇷 Hindustanis · Argentina
900
-19
🇺🇸 Mongols · United States
897
-19
THE RANDY
8:07 Loom
14:47 Feudal Age
17:32 Double-Bit Axe
21:56 Man-at-Arms
22:50 Horse Collar
26:28 Forging
28:49 Bloodlines
35:55 Castle Age
36:16 Capped Ram
40:43 Long Swordsman
40:44 Pikeman
48:00 Wheelbarrow
47:11 Town Watch
Pollo Ninja
5:20 Loom
11:11 Feudal Age
12:14 Double-Bit Axe
13:02 Horse Collar
14:51 Stone Mining
17:48 Gold Mining
20:07 Wheelbarrow
23:09 Castle Age
22:26 Town Watch
24:36 Forging
25:03 Hand Cart
25:00 Bow Saw
25:24 Squires
24:45 Pikeman
32:50 Iron Casting
33:12 Gold Shaft Mining
33:11 Fletching
32:45 Elite Skirmisher
34:26 Town Patrol
36:02 Scale Mail Armor
37:49 Heavy Plow
38:17 Thumb Ring
39:55 Ballistics
39:32 Murder Holes
41:19 Stone Shaft Mining
43:54 Imperial Age
42:00 Masonry
41:34 Treadmill Crane
43:02 Chain Mail Armor
44:39 Bodkin Arrow
45:14 Plate Mail Armor
44:11 Halberdier
45:57 Chemistry
45:29 Architecture
46:41 Two-Man Saw
DrCondors
7:55 Loom
11:26 Feudal Age
12:08 Horse Collar
12:25 Double-Bit Axe
22:22 Castle Age
20:54 Gold Mining
22:21 Bloodlines
26:00 Town Watch
26:29 Husbandry
27:52 Light Cavalry
31:25 Imperial Age
32:14 Scale Barding Armor
35:04 Gold Shaft Mining
35:18 Chain Barding Armor
36:22 Chemistry
36:34 Heavy Plow
40:30 Ballistics
39:58 Heavy Camel Rider
41:28 Town Patrol
42:20 Elite Ghulam
43:12 Shatagni
AARTUROVEGAG
9:22 Loom
12:28 Feudal Age
13:24 Double-Bit Axe
16:41 Horse Collar
16:55 Gold Mining
23:10 Castle Age
22:17 Fletching
22:37 Forging
22:34 Stone Mining
23:16 Crossbowman
23:18 Pikeman
24:55 Bow Saw
24:53 Husbandry
28:04 Gold Shaft Mining
28:05 Stone Shaft Mining
Connection lost

Rejoining the realm…

Still unreachable

The connection could not be restored.

Session expired

The server has moved on; the page needs a fresh start.